 Dungeon Crawl Stone Soup version 0.24.0-123-gd5b16e6ec5 (webtiles) character file.

Game seed: 18229277390326018092, levelgen mode: deterministic

1532 Elellon the Chopper (level 8, -13/74 HPs)
             Began as a Deep Dwarf Fighter on Jan 8, 2020.
             Mangled by an orc warrior
             ... wielding a cursed -1 dire flail
              (14 damage)
             ... on level 6 of the Dungeon.
             The game lasted 00:13:02 (4225 turns).

Elellon the Chopper (Deep Dwarf Fighter)            Turns: 4225, Time: 00:13:03

Health: -13/74     AC: 11    Str: 23    XL:     8   Next: 55%
Magic:  7/7        EV:  8    Int:  8    God:
Gold:   307        SH: 10    Dex: 12    Spells: 7/7 levels left

rFire    + . .     SeeInvis .   a - +0 war axe
rCold    . . .     Gourm    .   c - +0 shield
rNeg     . . .     Faith    .   s - +4 ring mail {rF+}
rPois    +         Spirit   .   (no helmet)
rElec    .         Reflect  .   (no cloak)
rCorr    +         Harm     .   k - +0 pair of gloves
MR       +....                  (no boots)
Stlth    +.........             (no amulet)
HPRegen  0.00/turn              i - ring of poison resistance
MPRegen  0.10/turn              y - ring of resist corrosion

@: non-regenerating
A: damage resistance, heal wounds, sense surroundings 1, no regeneration
a: Heal Wounds


You were on level 6 of the Dungeon.
You were not hungry.

You visited 2 branches of the dungeon, and saw 7 of its levels.

You collected 307 gold pieces.

Inventory:

Hand Weapons
 a - a +0 war axe (weapon)
Armour
 c - a +0 shield (worn)
 k - a +0 pair of gloves (worn)
 s - a +4 ring mail of fire resistance (worn)
Jewellery
 i - a ring of poison resistance (left hand)
 r - an uncursed amulet of faith
 y - a ring of resist corrosion (right hand)
Scrolls
 g - 3 scrolls of identify
 j - 3 scrolls of amnesia {unknown}
 l - a scroll of enchant weapon {unknown}
 m - 4 scrolls of teleportation {unknown}
 o - a scroll of blinking {unknown}
 p - 3 scrolls of remove curse
 t - a scroll of enchant armour {unknown}
 u - a scroll of magic mapping {unknown}
 x - a scroll of acquirement {unknown}
 z - a scroll of random uselessness {unknown}
Potions
 d - 2 potions of might
 e - a potion of heal wounds {unknown}
 h - 3 potions of mutation {unknown}
 n - 2 potions of lignification {unknown}
 q - a potion of ambrosia {unknown}
 v - 2 potions of curing {unknown}
 w - a potion of degeneration {unknown}
Comestibles
 b - 14 chunks of flesh
 f - 14 rations


   Skills:
 + Level 5.1 Fighting
 * Level 7.7 Axes
 + Level 6.2 Armour
 + Level 6.2 Shields


You had 7 spell levels left.
You didn't know any spells.
Your spell library was empty.

Dungeon Overview and Level Annotations

Branches:
Dungeon (6/15)             Temple (1/1) D:5

Altars:
Ashenzari
Cheibriados
Dithmenos
Elyvilon
Fedhas
Gozag
Hepliaklqana
Kikubaaqudgha
Nemelex Xobeh
Okawaru
Qazlal
Ru
Sif Muna
Trog
Uskayaw
Vehumet
Wu Jian
Xom
Yredelemnul
Zin
The Shining One

Annotations:
D:3 1 runed translucent door, Crazy Yiuf


Innate Abilities, Weirdness & Mutations

You are resistant to damage.
You can heal yourself by infusing magical energy.
You passively map a small area around you.
You do not regenerate.


Message History

You hit the orc warrior but do no damage.
You barely miss the orc wizard. You block the orc wizard's attack.
The orc wizard barely misses you. The orc warrior barely misses you.
You miss the orc wizard.
You hit the orc warrior but do no damage.
You block the orc wizard's attack.
The orc wizard hits you but does no damage.
The orc warrior hits you with a cursed -1 dire flail!
* * * LOW HITPOINT WARNING * * *
You slash the orc wizard!
The orc wizard is heavily wounded.
You hit the orc warrior.
The orc wizard looks braver for a moment.
The orc warrior barely misses you. You block the orc wizard's attack.
Unknown command.
You hit the orc wizard but do no damage.
The orc wizard is heavily wounded.
You closely miss the orc warrior. You block the orc wizard's attack.
The orc warrior hits you with a cursed -1 dire flail!
You die...

* ##### , ,### ##...## * *
,... ..... , #.# ,....
#...# * .# ..#
#...##...#####.# #.#*
......#.....##.#.# #.
#.#*#.. #........#....#
#.##.###.. * #o)........##
..........##+###@.........#
.......#.>.....o.##รท....##
##.#.##.##.....######...##
.#.#.##.#.......## ##.##
.#...##..........####...##
.#...............'.......#
##..###..........####...##
...## #.#.......## ##.##
.#.# #.##.....## #.#


You could see an orc warrior and an orc wizard.

Vanquished Creatures
  An orc warrior (D:6)
  A sky beast (D:5)
  A phantom (D:5)
  An ogre (D:4)
  A centaur (D:6)
  Blork the orc (D:5)
  A bullfrog (D:6)
  A gnoll sergeant (D:4)
  A scorpion (D:4)
  A crimson imp (D:5)
  A hound (D:6)
  A centaur skeleton (D:6)
  3 iguanas
  A jelly (D:5)
  4 orc wizards
  3 orc priests
  Terence (D:3)
  2 worker ants
  A hound skeleton (D:4)
  6 gnolls
  15 adders
  A shadow imp (D:5)
  A worm (D:3)
  4 dart slugs
  2 leopard geckos
  19 orcs
  7 bats
  4 giant cockroaches
  13 goblins
  8 hobgoblins
  11 jackals
  5 quokkas
  7 ball pythons
  8 frilled lizards
  6 kobolds
  2 leopard gecko skeletons (D:4)
  5 rats
151 creatures vanquished.

Vanquished Creatures (others)
  An orc wizard (D:6)
1 creature vanquished.

Grand Total: 152 creatures vanquished

Notes
Turn   | Place    | Note
-------+----------+-------------------------------------------
     0 | D:1      | Elellon the Deep Dwarf Fighter began the quest for the Orb.
     0 | D:1      | Reached XP level 1. HP: 20/20 MP: 1/1
   165 | D:1      | Reached XP level 2. HP: 21/27 MP: 2/2
   266 | D:1      | Reached skill level 3 in Axes
   266 | D:1      | Reached XP level 3. HP: 24/34 MP: 3/3
   734 | D:2      | Reached XP level 4. HP: 16/42 MP: 4/4
  1063 | D:2      | Reached skill level 4 in Axes
  1063 | D:2      | Reached XP level 5. HP: 39/49 MP: 5/5
  1701 | D:3      | Reached XP level 6. HP: 15/57 MP: 5/5
  1798 | D:3      | Noticed Terence
  1811 | D:3      | Killed Terence
  1858 | D:3      | Found a sparkling altar of Nemelex Xobeh.
  2036 | D:3      | Found a runed translucent door.
  2037 | D:3      | Noticed Crazy Yiuf
  2527 | D:4      | Reached skill level 5 in Axes
  2895 | D:4      | Reached XP level 7. HP: 53/64 MP: 6/6
  2921 | D:4      | Reached skill level 5 in Armour
  2921 | D:4      | Reached skill level 5 in Shields
  3015 | D:5      | Entered Level 5 of the Dungeon
  3153 | D:5      | Noticed Blork the orc
  3246 | D:5      | Reached skill level 6 in Axes
  3554 | D:5      | Reached XP level 8. HP: 29/73 MP: 7/7
  3617 | D:5      | Found a staircase to the Ecumenical Temple.
  3623 | Temple   | Entered the Ecumenical Temple
  3969 | D:5      | Killed Blork the orc
  4001 | D:6      | Reached skill level 7 in Axes
  4116 | D:6      | Found a shattered altar of Ashenzari.
  4131 | D:6      | Reached skill level 5 in Fighting
  4223 | D:6      | HP: 1/74 [orc warrior/cursed -1 dire flail (8)]
  4225 | D:6      | Mangled by an orc warrior

Levels and vault maps discovered:
D:1:      eino_arrival_water_star, layout_basic, minmay_tetromino_l2
D:2:      kennysheep_big_flooded_room, layout_rooms, minmay_snake_closets
D:3:      layout_basic, first_ration, hangedman_decor_push,
          nemelex_xobeh_ov_fountains_minmay, uniq_terence,
          uniq_crazy_yiuf_cottage
D:4:      minmay_diamond_boxcup, layout_basic
D:5:      layout_cave_pools, minmay_temple_entry_gardened_gates,
          uniq_blork_the_orc
D:6:      layout_loops_corners, makhleb_altar_promises_db,
          evilmike_ruin_ashenzari
Temple:   nicolae_temple_the_god_donut

Skill      XL: |  1  2  3  4  5  6  7  8 |
---------------+-------------------------+-----
Fighting       | 3 4 5 |  5.1
Axes           | 3 4 5 6 7 |  7.7
Armour         | 4 5 6 |  6.2
Shields        | 4 5 6 |  6.2

Action                   |  1- 3 |  4- 6 |  7- 9 || total
-------------------------+-------+-------+-------++-------
Melee: War axe           |   119 |   293 |   199 ||   611
 Abil: Heal Wounds       |       |     4 |     7 ||    11
  Use: Scroll            |       |     3 |     1 ||     4
  Eat: Chunk             |       |     7 |     5 ||    12
Armor: Chain mail        |    77 |   114 |       ||   191
       Ring mail         |       |    34 |    86 ||   120
Dodge: Dodged            |    29 |    64 |    57 ||   150
Block: Shield            |    64 |   150 |    86 ||   300
